AoeStats
← alex

Glade

510568496Analyzed
1v1 RM · 1d ago on Oct 1, 2026· 32m 42s· 2 players
Game mode
Random Map
Map size
Tiny (2 player)
Population
200
Speed
Normal
Resources
Standard
Victory
Conquest
Starting age
Dark Age
Ending age
Imperial Age
RankedLock teamsTeams togetherTeam positionsShared explorationLock speedFull tech treeHidden civsTurbo modeCheats
Victory
Defeat
🇪🇸 Spanish · Spain
650
+16
🇺🇸 Japanese · United States
648
-16
BlancoMano4
11:19 Feudal Age
12:20 Double-Bit Axe
17:45 Castle Age
15:32 Man-at-Arms
17:22 Wheelbarrow
17:25 Scale Mail Armor
17:36 Forging
17:16 Horse Collar
20:53 Bow Saw
20:47 Heavy Plow
20:55 Squires
23:20 Pikeman
24:14 Gambesons
alex
2:30 Loom
11:26 Feudal Age
13:08 Wheelbarrow
19:35 Castle Age
19:07 Stone Mining
19:13 Man-at-Arms
20:43 Elite Skirmisher
21:29 Thumb Ring
22:33 Double-Bit Axe
23:35 Gold Mining
24:21 Fletching
24:31 Padded Archer Armor
25:24 Bow Saw
26:53 Ballistics
27:50 Murder Holes
29:44 Fortified Wall
31:10 Masonry
32:06 Town Watch
32:39 Horse Collar
Connection lost

Rejoining the realm…

Still unreachable

The connection could not be restored.

Session expired

The server has moved on; the page needs a fresh start.